 Dungeon Crawl Stone Soup version 0.22-a0-776-ge6d7efa (webtiles) character file.

11 Amnesiac the Digger (level 2, -6/19 HPs)
             Began as a Demonspawn Earth Elementalist on July 18, 2018.
             Mangled by an orc
             ... wielding a +0 mace of holy wrath
              (7 damage)
             ... on level 4 of the Dungeon.
             The game lasted 00:01:37 (409 turns).

Amnesiac the Digger (Demonspawn Earth Elementalist)  Turns: 409, Time: 00:01:38

Health: -6/19      AC:  2    Str:  8    XL:     2   Next: 13%
Magic:  5/5        EV: 12    Int: 16    God:
Gold:   43         SH:  0    Dex: 13    Spells: 2/5 levels left

rFire    . . .     SeeInvis .   a - -1 hunting sling (curse)
rCold    . . .     Gourm    .   (no shield)
rNeg     + . .     Faith    .   c - +0 robe
rPois    .         Spirit   .   (helmet restricted)
rElec    .         Reflect  .   (no cloak)
rCorr    .         Harm     .   (no gloves)
MR       .....                  (no boots)
Stlth    ++........             (no amulet)
HPRegen  0.06/turn              g - ring of positive energy
MPRegen  0.09/turn              (no ring)

@: no status effects
A: antennae 1
a: no special abilities


You were on level 4 of the Dungeon.
You were not hungry.

You visited 1 branch of the dungeon, and saw 4 of its levels.

You collected 43 gold pieces.

Inventory:

Hand Weapons
 a - a cursed -1 hunting sling (weapon)
Missiles
 b - 3 stones (quivered)
Armour
 c - a +0 robe (worn)
Jewellery
 g - a ring of positive energy (left hand)
Wands
 k - a wand of iceblast (6)
Scrolls
 f - a scroll of amnesia {!r, unknown}
 h - a scroll of identify {!r, unknown}
 i - a scroll of immolation {!r, unknown}
Potions
 e - a potion of heal wounds {!q, unknown}
Comestibles
 d - 2 rations
 j - 3 chunks of flesh


   Skills:
 + Level 2.0 Dodging
 - Level 2.0 Stealth
 + Level 2.1 Spellcasting
 - Level 0.8 Transmutations
 * Level 3.0 Earth Magic


You had 2 spell levels left.
You knew the following spells:

 Your Spells              Type           Power        Failure   Level  Hunger
a - Sandblast             Erth           ##....       6%          1    #......
b - Passwall              Tmut/Erth      #.......     14%         2    ###....

Your spell library contained the following spells:

 Spells                   Type           Power        Failure   Level  Hunger
 Stone Arrow              Conj/Erth      #.....       32%         3    ###....
 Lee's Rapid Deconstruct  Erth           ##........   86%         5    ######.
 Petrify                  Tmut/Erth      #.......     67%         4    #####..


Dungeon Overview and Level Annotations

Branches:
Dungeon (4/15)
 Temple: D:4-7

Altars:


Innate Abilities, Weirdness & Mutations

You have a pair of small antennae on your head.


Message History

Aim: an orc (moderately wounded)
You shoot a stone. The stone hits the orc.
The orc is severely wounded.
The orc hits you.
Firing (i - inventory)
b - 11 stones (quivered)
Press: ? - help, Shift-Dir - straight line, f/p - orc
Aim: an orc (severely wounded)
You shoot a stone. The stone hits the orc.
The orc is almost dead.
The orc completely misses you.
Firing (i - inventory)
b - 10 stones (quivered)
Press: ? - help, Shift-Dir - straight line, f/p - orc
Aim: an orc (almost dead)
You shoot a stone. The stone barely misses the orc.
An orc comes into view. It is wielding a club.
The orc misses you. The orc barely misses you.
Firing (i - inventory)
b - 9 stones (quivered)
Press: ? - help, Shift-Dir - straight line, f/p - orc
Aim: an orc (almost dead)
You shoot a stone. The stone closely misses the orc.
The stone barely misses the orc.
The orc shouts!
You hear a shout!
An orc comes into view. It is wielding a mace of holy wrath.
The orc hits you.
Firing (i - inventory)
b - 8 stones (quivered)
Press: ? - help, Shift-Dir - straight line, f/p - orc
Aim: an orc (almost dead)
You shoot a stone. The stone barely misses the orc.
The stone closely misses the orc.
The stone hits the orc but does no damage.
The orc barely misses you.
Firing (i - inventory)
b - 7 stones (quivered)
Press: ? - help, Shift-Dir - straight line, f/p - orc
Aim: an orc (almost dead)
You shoot a stone. The stone closely misses the orc.
The stone barely misses the orc.
The stone hits the orc but does no damage.
The orc closely misses you.
Firing (i - inventory)
b - 6 stones (quivered)
Press: ? - help, Shift-Dir - straight line, f/p - orc
Aim: an orc (almost dead)
You shoot a stone. The stone completely misses the orc.
The stone hits the orc.
The orc is heavily wounded.
The orc hits you but does no damage.
Firing (i - inventory)
b - 5 stones (quivered)
Press: ? - help, Shift-Dir - straight line, f/p - orc
Aim: an orc (severely wounded)
You shoot a stone. The stone hits the orc.
You kill the orc!
Your Dodging skill increases to level 2!
Your Earth Magic skill increases to level 3!
The orc hits you with a mace of holy wrath!
* * * LOW HITPOINT WARNING * * *
You convulse.
* * * LOW HITPOINT WARNING * * *
Firing (i - inventory)
b - 4 stones (quivered)
Press: ? - help, Shift-Dir - straight line, f - orc
Aim: an orc, wielding a mace of holy wrath and wearing a chain mail You shoot a stone.
The stone closely misses the orc.
The stone barely misses the orc.
The orc hits you with a mace of holy wrath.
* * * LOW HITPOINT WARNING * * *
You convulse!
You die...

#.######.#
#.######.############..
......................
..######.#####....###.##
..#### #.# #..........
.....# #.# #....###.#
..##.# #.# ##.#.## ..##.#
#.# #...#####.##.
..##.###># #...@oo.(..((
.........##.....##.##.##.
##.#.######.###.# .#
#.#....# #. #.. ..
#>####.# #.# .## #.# #.#
..# .# #.# #.#####.#.. ..
#.# #......... .# #.#
#.########


You could see 2 orcs.

Vanquished Creatures
  3 orcs
  2 ball pythons
  A giant cockroach (D:2)
  A frilled lizard (D:4)
  A kobold (D:2)
8 creatures vanquished.

Notes
Turn   | Place    | Note
-------+----------+-------------------------------------------
     0 | D:1      | Amnesiac the Demonspawn Earth Elementalist began the quest for the Orb.
     0 | D:1      | Reached XP level 1. HP: 13/13 MP: 3/3
   231 | D:3      | Noticed an orc wizard
   339 | D:4      | Gained mutation: You have a pair of small antennae on your head. [demonic ancestry]
   339 | D:4      | Reached XP level 2. HP: 19/19 MP: 5/5
   343 | D:4      | Learned a level 2 spell: Passwall
   408 | D:4      | Reached skill level 3 in Earth Magic
   409 | D:4      | Mangled by an orc

Vault maps used:
D:1:      minmay_arrival_hallway
D:2:      grunt_temple_overflow_order_and_chaos_1, first_ration
D:3:      chequers_ecumenical_altar_grove
D:4:      serial_shops, shop, fedhas_bush_and_centaur_altar, uniq_edmund

Skill      XL: |  1  2 |
---------------+-------+-----
Stealth        | 2 |  2.0
Dodging        | 2 |  2.0
Earth Magic    | 3 |  3.0
Spellcasting   | |  2.1
Transmutations | |  0.8

Action                   || total
-------------------------++-------
Melee: Unarmed           ||     1
 Fire: Hunting sling     ||    47
Armor: Robe              ||    13
Dodge: Dodged            ||    29

Table legend:
 A = Spawn XP
 B = Non-spawn XP
 C = Spawn XP percentage of total XP
 D = Spawn monster count
 E = Non-spawn monster count
 F = Spawn count percentage of total count
 G = Total turns spent on level
                    A         B        C        D         E        F      G
               +---------+---------+-------+---------+---------+-------+---------
         Total |       0 |      16 |   0.0 |       0 |       8 |   0.0 |   409
               +---------+---------+-------+---------+---------+-------+---------
           D:1 |       0 |       2 |   0.0 |       0 |       1 |   0.0 |    43
           D:2 |       0 |       6 |   0.0 |       0 |       3 |   0.0 |   201
           D:4 |       0 |       8 |   0.0 |       0 |       4 |   0.0 |   120
               +---------+---------+-------+---------+---------+-------+---------
